 Dungeon Crawl Stone Soup version 0.30-a0-672-gc3a7216ad8 (webtiles) character file.

Game seed: 12184404510303939740

131 Dittersdorf the Shield-Bearer (level 5, 0/33 HPs)
             Began as a Gargoyle Fighter on Jan 18, 2023.
             Constricted to death by a ball python (1 damage)
             ... on level 3 of the Dungeon.
             The game lasted 00:04:03 (1990 turns).

Dittersdorf the Shield-Bearer (Gargoyle Fighter)    Turns: 1990, Time: 00:04:04

Health: 0/33       AC: 13    Str: 22    XL:     5   Next: 14%
Magic:  5/5        EV:  6    Int:  8    God:
Gold:   129        SH:  4    Dex:  9    Spells: 4/4 levels left

rFire   . . .      SeeInvis .    a - +0 flail
rCold   + . .      Faith    .    c - +0 buckler
rNeg    + . .      Spirit   .    w - +0 scale mail {rC+}
rPois   ∞          Reflect  .    (no helmet)
rElec   +          Harm     .    s - +0 cloak
rCorr   .          Rampage  .    (no gloves)
Will    .....                    k - +0 pair of boots Stlth
                                 (no amulet)
HPRegen 0.25/turn                (no ring)
MPRegen 0.09/turn                (no ring)

@: constricted
A: sickness immunity, AC +4, negative energy resistance 1, electricity
resistance, torment resistance 1, petrification resistance
a: no special abilities


You were on level 3 of the Dungeon.
You visited 1 branch of the dungeon, and saw 3 of its levels.

You collected 129 gold pieces.

Inventory:

Hand Weapons
 a - a +0 flail (weapon)
Missiles
 e - 6 poisoned darts (quivered)
Armour
 c - a +0 buckler (worn)
 k - a +0 pair of boots (worn)
 s - a +0 cloak (worn)
 w - a +0 scale mail of cold resistance (worn)
Jewellery
 b - a ring of magical power
Scrolls
 g - 6 scrolls of identify {unknown}
 l - a scroll of blinking {unknown}
 m - a scroll of magic mapping {unknown}
 n - a scroll of teleportation {unknown}
 p - a scroll of poison {unknown}
 q - a scroll of noise {unknown}
 r - 3 scrolls of immolation {unknown}
 t - a scroll of enchant weapon {unknown}
 u - 2 scrolls of amnesia {unknown}
Potions
 d - 2 potions of might
 f - a potion of resistance {unknown}
 h - 2 potions of berserk rage {unknown}
 i - 4 potions of curing
 j - a potion of lignification {unknown}
 o - a potion of heal wounds {unknown}
 v - a potion of flight {unknown}


   Skills:
 + Level 4.2 Fighting
 + Level 3.0 Maces & Flails
 + Level 4.1 Armour
 + Level 4.2 Shields


You had 4 spell levels left.
You didn't know any spells.
Your spell library contained the following spells:

 Spells                   Type           Power      Damage    Failure   Level
 Blink                    Tloc           0%         N/A       91%         2
 Lesser Beckoning         Tloc           0%         N/A       91%         2
 Momentum Strike          Conj/Tloc      0%         3d8       91%         2
 Wereblood                Tmut           0%         N/A       91%         2
 Summon Hydra             Summ           0%         N/A       100%        7
 Sublimation of Blood     Necr           Unusable   N/A       N/A         2

Dungeon Overview and Level Annotations

Branches:
Dungeon (3/15)

Altars:
Cheibriados
Qazlal

Shops:
D:1 *


Innate Abilities, Weirdness & Mutations

You are immune to sickness and miasma.
Your stone body is resilient. (AC +4)
You are immune to poison.
You resist negative energy. (rN+)
You are resistant to electric shocks. (rElec)
You are resistant to unholy torment.
You are immune to petrification.


Message History

You are too injured to fight recklessly!
You hit the jackal.
You kill the jackal!
The adder closely misses you. The endoplasm freezes you.
You are frozen.
You resist. You block the rat's attack. The orc hits you with a +0 club.
You block the ball python's attack. The ball python grabs you.
The ball python constricts you.
You barely miss the ball python. The adder bites you but does no damage.
The endoplasm hits you but does no damage.
The orc hits you with a +0 club. You block the ball python's attack.
The ball python constricts you. The rat barely misses you.
The adder bites you but does no damage.
You closely miss the ball python. The ball python bites you.
The ball python constricts you. The adder barely misses you.
You block the endoplasm's attack. The orc hits you with a +0 club.
* * * LOW HITPOINT WARNING * * *
The rat bites you but does no damage. The ball python barely misses you.
The ball python constricts you. The adder bites you but does no damage.
You block the rat's attack.
The endoplasm hits you but does no damage.
The orc hits you with a +0 club.
* * * LOW HITPOINT WARNING * * *
You closely miss the ball python. You block the adder's attack.
The ball python completely misses you. The ball python constricts you.
The endoplasm freezes you.
You are frozen.
You resist.
* * * LOW HITPOINT WARNING * * *
The rat bites you but does no damage. The orc closely misses you.
You barely miss the ball python. The adder bites you but does no damage.
The ball python bites you.
* * * LOW HITPOINT WARNING * * *
The ball python constricts you.
* * * LOW HITPOINT WARNING * * *
The endoplasm hits you but does no damage.
The orc hits you but does no damage. The rat barely misses you.
The adder bites you but does no damage.
The ball python bites you but does no damage.
The ball python constricts you.
You die...

##### ###### .#####
##...## ##...## ..
#.....#####.....#
###
#........†)..(..#
#.....#####.....#
##...##.!.##...## #
##.##.....##.## #
######†#.....or#.# #
#...)'.#....lJ@S.#
###.####†#.....S.#.#
....# #.##...?.##.#
.#### ...##...# ...
.# .....#### ...h .#
#...... ..S.# .#
#.....## .....# .#
##...## ..## ##
#####


You could see an adder, an orc, an endoplasm, a ball python, a frilled lizard
and a rat.

Vanquished Creatures
  Jessica (D:2)
  Terence (D:2)
  An adder (D:3)
  2 worms
  2 dart slugs
  7 endoplasms
  2 giant cockroaches
  4 goblins
  10 hobgoblins
  A jackal (D:3)
  7 kobolds
  2 quokkas
  9 ball pythons
  5 bats
  2 frilled lizards
  4 rats
60 creatures vanquished.

Notes
Turn   | Place    | Note
-------+----------+-------------------------------------------
     0 | D:1      | Dittersdorf the Gargoyle Fighter began the quest for the
                  | Orb.
     0 | D:1      | Reached XP level 1. HP: 14/14 MP: 1/1
   173 | D:1      | Reached XP level 2. HP: 19/19 MP: 2/2
   444 | D:1      | Found a faded altar of an unknown god.
   453 | D:1      | Reached XP level 3. HP: 14/23 MP: 3/3
   738 | D:1      | Found Pipic's General Store.
  1153 | D:2      | Noticed Jessica
  1173 | D:2      | Killed Jessica
  1174 | D:2      | Reached XP level 4. HP: 28/29 MP: 4/4
  1358 | D:2      | Noticed Terence
  1378 | D:2      | Killed Terence
  1612 | D:3      | Found a stormy altar of Qazlal.
  1684 | D:3      | Found a snail-covered altar of Cheibriados.
  1922 | D:3      | Reached XP level 5. HP: 33/33 MP: 5/5
  1990 | D:3      | HP: 1/33 [constriction (1)]
  1990 | D:3      | Constricted to death by a ball python

Illustrated notes

Levels and vault maps discovered:
D:1:      minmay_arrival_widening_spiral_narrow, layout_rooms, serial_shops,
          shop_statue, chequers_ecumenical_altar_simple_redux, hex_intersection
D:2:      layout_loops_ring, uniq_terence, uniq_jessica
D:3:      minmay_octagon_keep, layout_loops_corners,
          mainiacjoe_overflow_alcove_2, cheibriados_altar_1

Skill      XL: |  1  2  3  4 |
---------------+-------------+-----
Shields        | 4 |  4.2
Fighting       | 4 |  4.2
Armour         | 4 |  4.1
Maces & Flails | 3 |  3.0

Action                   |  1- 3 |  4- 6 || total
-------------------------+-------+-------++-------
Melee: Flail             |   146 |   105 ||   251
Armor: Scale mail        |    91 |    84 ||   175
Dodge: Dodged            |    96 |    64 ||   160
Block: Buckler           |    41 |    31 ||    72

Table legend: (Time is in decaauts)
 A = Elapsed time spent in this place.
 B = Non-inter-level travel time spent in this place.
 C = Inter-level travel time spent in this place.
 D = Time resting spent in this place.
 E = Time spent auto-exploring this place.
 F = Levels seen in this place.
 G = Mean time per level.
                   A        B        C        D        E       F      G
               +--------+--------+--------+--------+--------+-----+--------+
         Total |   2066 |   2033 |     33 |     77 |   1397 |   3 |  688.7 |
       Dungeon |   2066 |   2033 |     33 |     77 |   1397 |   3 |  688.7 |
               +--------+--------+--------+--------+--------+-----+--------+

Top non-repeatable levels by time:
     D:1: 832 daAuts
     D:2: 774 daAuts
     D:3: 459 daAuts
